 Dungeon Crawl Stone Soup version 0.28.0-43-g3370ac3207 (webtiles) character file.

Game seed: 6002035722932902007

42 rlgrobin the Digger (level 3, -3/19 HPs)
             Began as a Gargoyle Earth Elementalist on Mar 3, 2022.
             Slain by a hobgoblin
             ... wielding a +0 falchion
              (7 damage)
             ... on level 2 of the Dungeon.
             The game lasted 00:05:47 (2061 turns).

rlgrobin the Digger (Gargoyle Earth Elementalist)   Turns: 2061, Time: 00:05:48

Health: -3/19      AC:  8    Str: 13    XL:     3   Next: 54%
Magic:  4/6        EV: 10    Int: 15    God:
Gold:   34         SH:  0    Dex: 10    Spells: 0/6 levels left

rFire   . . .      SeeInvis .   a - +2 short sword (protect)
rCold   . . .      Faith    .   (no shield)
rNeg    + . .      Spirit   .   h - +0 ring mail
rPois   ∞          Reflect  .   (no helmet)
rElec   +          Harm     .   (no cloak)
rCorr   .          Rampage  .   (no gloves)
Will    .....                   (no boots)
Stlth   +.........              (no amulet)
HPRegen 0.06/turn               (no ring)
MPRegen 0.10/turn               (no ring)

@: no status effects
A: sickness immunity, AC +3, negative energy resistance 1, electricity
resistance, torment resistance 1, petrification resistance
a: no special abilities


You were on level 2 of the Dungeon.
You visited 1 branch of the dungeon, and saw 2 of its levels.

You collected 34 gold pieces.

Inventory:

Hand Weapons
 a - a +2 short sword of protection (weapon)
Missiles
 c - 51 stones (quivered)
 d - 2 poisoned darts
Armour
 b - a +0 robe
 h - a +0 ring mail (worn)
Scrolls
 e - a scroll of brand weapon {unknown}
 f - 2 scrolls of identify {unknown}
 g - a scroll of immolation


   Skills:
 + Level 0.0 Fighting
 + Level 0.0 Armour
 - Level 1.5 Dodging
 - Level 2.1 Stealth
 - Level 0.2 Unarmed Combat
 + Level 2.4 Spellcasting
 * Level 0.0 Conjurations
 - Level 0.7 Transmutations
 + Level 4.9 Earth Magic


You couldn't memorise any spells.
You knew the following spells:

 Your Spells              Type           Power      Damage    Failure   Level
a - Sandblast             Erth           32%        2d9       6%          1
b - Stone Arrow           Conj/Erth      18%        3d8       45%         3
q - Passwall              Tmut/Erth      8%         N/A       22%         2

Your spell library contained the following spells:

 Spells                   Type           Power      Damage    Failure   Level
 Petrify                  Tmut/Erth      10%        N/A       82%         4


Dungeon Overview and Level Annotations

Branches:
Dungeon (2/15)

Altars:

Shops:
D:1 [


Innate Abilities, Weirdness & Mutations

You are immune to sickness and miasma.
Your stone body is resilient. (AC +3)
You are immune to poison.
You resist negative energy. (rN+)
You are resistant to electric shocks. (rElec)
You are resistant to unholy torment.
You are immune to petrification.


Message History

No target in view!
No target in view!
No target in view!
HP restored.
A hobgoblin comes into view. It is wielding a +0 falchion.
Found a scroll labelled DEDIGH AQYMPID and 10 gold pieces.
A hobgoblin is nearby!
A hobgoblin is nearby!
A hobgoblin is nearby!
The hobgoblin shouts!
The hobgoblin throws a stone.
The stone hits you but does no damage.
You see here a scroll labelled DEDIGH AQYMPID.
The hobgoblin hits you with a +0 falchion!
* * * LOW HITPOINT WARNING * * *
You take 9 damage, and have 10/19 hp.
You are too injured to fight recklessly!
You are too injured to fight recklessly!
You are too injured to fight recklessly!
You are too injured to fight recklessly!
You are too injured to fight recklessly!
You are too injured to fight recklessly!
Casting: Sandblast (safe; 6% risk of failure)
Confirm with . or Enter, or press ? or * to list all spells.
Aiming: Sandblast (safe; 6% risk of failure)
Press: ? - help, Shift-Dir - straight line, f - hobgoblin
Aim: a hobgoblin, wielding a +0 falchion, wearing a +0 ring mail, wearing an amulet of the acrobat and quivering stones (82% to hit)
The blast of sand hits the hobgoblin but does no damage.
c - 52 stones The hobgoblin hits you with a +0 falchion.
* * * LOW HITPOINT WARNING * * *
You take 6 damage, and have 4/19 hp.
Casting: Sandblast (safe; 6% risk of failure)
Confirm with . or Enter, or press ? or * to list all spells.
Aiming: Sandblast (safe; 6% risk of failure)
Press: ? - help, Shift-Dir - straight line, f/p - hobgoblin
Aim: a hobgoblin, wielding a +0 falchion, wearing a +0 ring mail, wearing an amulet of the acrobat and quivering stones (82% to hit)
The blast of sand hits the hobgoblin but does no damage.
c - 51 stones The hobgoblin hits you with a +0 falchion!
You die...

. ##. #.. #.# # #.#
#.#.# #.# #.#g# #.## #
#####.#@# #.#. .
.$......# #.#.#.
....$..?# #.#...
####....###########.##.#
#..................##..
#.#....#####...........
#.#....#####.########..
.............# ######..
#.#.#.######## #......#


You could see a hobgoblin.

Vanquished Creatures
  A dart slug (D:1)
  5 endoplasms
  5 goblins (D:1)
  5 hobgoblins
  7 kobolds
  4 ball pythons (D:1)
  2 bats (D:1)
  2 frilled lizards (D:1)
  4 rats
35 creatures vanquished.

Vanquished Creatures (others)
  3 plants (D:1)
3 creatures vanquished.

Grand Total: 38 creatures vanquished

Notes
Turn   | Place    | Note
-------+----------+-------------------------------------------
     0 | D:1      | rlgrobin the Gargoyle Earth Elementalist began the quest
                  | for the Orb.
     0 | D:1      | Reached XP level 1. HP: 10/10 MP: 3/3
   120 | D:1      | Reached skill level 4 in Earth Magic
   391 | D:1      | Reached XP level 2. HP: 15/15 MP: 1/5
  1054 | D:1      | Reached XP level 3. HP: 18/19 MP: 6/6
  1079 | D:1      | Found a faded altar of an unknown god.
  1355 | D:1      | Found Ygacoth's Armour Shop.
  1955 | D:1      | Learned a level 2 spell: Passwall
  1959 | D:1      | Learned a level 3 spell: Stone Arrow
  2061 | D:2      | Slain by a hobgoblin

Illustrated notes

Levels and vault maps discovered:
D:1:      roderic_crop_circles_arrival_small, layout_loops_ring,
          hellmonk_ecumenical_altar_blasted, serial_shops, shop,
          minmay_stone_trees_small, chequers_serial_rivers_marsh,
          chequers_avenue
D:2:      layout_loops_ring, minmay_pentomino_p2, uniq_terence

Skill      XL: |  1 |
---------------+----+-----
Earth Magic    | 4 |  4.9
Dodging        | |  1.5
Stealth        | |  2.1
Unarmed Combat | |  0.2
Spellcasting   | |  2.4
Transmutations | |  0.7

Action                   || total
-------------------------++-------
Melee: Unarmed           ||    14
       Short sword       ||   100
       Punch             ||     2
Throw: Dart              ||     4
       Stone             ||     1
 Cast: Sandblast         ||    18
 Stab: Sleeping          ||     5
Armor: Robe              ||    39
       Ring mail         ||     3
Dodge: Dodged            ||    75
